 Dungeon Sprint DCSS version 0.19.3-4-gbf9329e (webtiles) character file.

935 Kagutsuchi the Carver (level 7, -2/73 HPs)
             Began as a Black Draconian Berserker on Jan 27, 2017.
             Was an Elder of Trog.
             Slain by a harpy (5 damage)
             ... summoned by Kirke
             ... in the Dungeon (Sprint II: "The Violet Keep of Menkaure").
             The game lasted 00:06:56 (711 turns).

Kagutsuchi the Carver (Black Draconian Berserker)    Turns: 711, Time: 00:06:59

Health: -2/73      AC:  6    Str: 19    XL:     7   Next: 87%
Magic:  7/7        EV: 17    Int:  8    God:    Trog [****..]
Gold:   290        SH:  0    Dex: 12    Spells: 0 memorised, 6 levels left

rFire  . . .     SeeInvis .     i - +3 long sword (slice)
rCold  . . .     Gourm    .     (armour unavailable)
rNeg   . . .     Faith    .     (no shield)
rPois  .         Spirit   .     (helmet restricted)
rElec  +         Reflect  .     (no cloak)
rCorr  .         Harm     .     (no gloves)
MR     .....     NoTele   +     (no boots)
Stlth  +.........               j - amulet of regeneration
                                (no ring)
                                (no ring)

@: no status effects
A: breathe lightning, unfitting armour, electricity resistance, cold-blooded, AC
+6
a: Breathe Lightning, Berserk, Trog's Hand, Brothers in Arms, Burn Spellbooks,
Renounce Religion


You were in the Dungeon.
You worshipped Trog.
Trog was greatly pleased with you.
You were not hungry.

You visited 1 branch You collected 972 gold pieces.
You spent 682 gold pieces at shops.

Inventory:

Hand Weapons
 a - a +0 falchion
 i - a +3 long sword of slicing (weapon)
Jewellery
 j - an amulet of regeneration (around neck)
Scrolls
 h - a scroll of blinking
Potions
 c - a potion of curing
 d - 2 potions of heal wounds
 e - a potion of haste
 f - 2 potions of magic
 g - a potion of berserk rage
Comestibles
 b - a bread ration


   Skills:
 + Level 10.6 Fighting
 + Level 11.2 Long Blades
 + Level 9.3 Dodging


You had 6 spell levels left.
You didn't know any spells.

Dungeon Overview and Level Annotations

Branches:
Dungeon (1/1)

Altars:

Shops:
D ?:=}%(:!!=[?=[[*

Annotations:
D exclusion: oklob plant, Kirke


Innate Abilities, Weirdness & Mutations

You can breathe wild blasts of lightning.
Your glossy black scales are hard. (AC +6)
You cannot fit into any form of body armour.
You are resistant to electric shocks. (rElec)
You are cold-blooded and may be slowed by cold attacks.


Message History

The yaktaur captain wields an uncursed arbalest.
The yaktaur captain shoots a bolt.
The bolt hits you!!
You hear a splash.
You see here a bolt.
The yaktaur captain shoots a bolt.
The bolt hits you!!
* * * LOW HITPOINT WARNING * * *
You hear a splash.
Kirke casts a spell.
Kirke summons some harpies!
You see here a bolt.
The harpy barely misses you.
You riposte.
Your unstable footing causes you to fumble your attack.
The harpy completely misses you.
The harpy screeches!
The harpy claws you.
* * * LOW HITPOINT WARNING * * *
The harpy claws you!
* * * LOW HITPOINT WARNING * * *
The harpy claws you but does no damage. The harpy claws you.
You die...

≈≈≈≈§§≈≈≈## ## ≈≈§§§§≈≈≈#
c.H#### ;§;§§§§ ..H≈## ;;;≈
############≈@#+++#+++##
###########≈≈≈.(.......#
##.∩.∩....#≈c(≈.##'##..#
##..∩.∩...#≈HHK###.### #
##...∩.∩..#≈@≈≈#..#..#
##....∩.⌠.#≈≈####.#.#### #
##...∩.∩..#≈##.###'###.## .#
##..∩.∩...#≈#...##.##...#..#
##.∩.∩....'≈'##.'.<.'##.+..#
##∩.∩.....#≈#...##.##.###....
#▓▓▓▓▓▓▓###≈##.###÷###.# ....
##(FF######≈≈####.#.#### ...
#/HH#s. ##≈≈≈#.###.# ≈≈≈


You could see Kirke, a yaktaur captain, a manticore, a kobold demonologist, 2
harpies and an electric eel.

Vanquished Creatures
  2 hippogriffs (D)
  Menkaure (D)
  4 necrophages (D)
  4 worker ants (D)
  3 worms (D)
14 creatures vanquished.

Vanquished Creatures (others)
  A crocodile (D)
1 creature vanquished.

Grand Total: 15 creatures vanquished

Notes
Turn   | Place    | Note
-------+----------+-------------------------------------------
     0 | D        | Kagutsuchi the Draconian Berserker began the quest for the Orb.
     0 | D        | Reached XP level 1. HP: 19/19 MP: 1/1
     5 | D        | Noticed a necrophage
     5 | D        | Noticed a necrophage
     5 | D        | Noticed a necrophage
     5 | D        | Noticed a necrophage
    10 | D        | Killed a necrophage
    10 | D        | Reached skill level 5 in Long Blades
    10 | D        | Reached skill level 5 in Dodging
    10 | D        | Reached XP level 2. HP: 30/30 MP: 2/2
    10 | D        | Reached XP level 3. HP: 37/37 MP: 3/3
    10 | D        | Reached XP level 4. HP: 44/44 MP: 4/4
    13 | D        | Killed a necrophage
    13 | D        | Reached ** piety under Trog
    13 | D        | Reached skill level 7 in Long Blades
    13 | D        | Reached XP level 5. HP: 52/52 MP: 5/5
    19 | D        | Killed a necrophage
    32 | D        | Killed a necrophage
    32 | D        | Reached skill level 8 in Long Blades
    32 | D        | Reached XP level 6. HP: 32/63 MP: 6/6
    55 | D        | Reached *** piety under Trog
    55 | D        | Reached skill level 9 in Long Blades
   285 | D        | Noticed a hippogriff
   285 | D        | Noticed a hippogriff
   291 | D        | Killed a hippogriff
   291 | D        | Reached skill level 10 in Fighting
   291 | D        | Reached skill level 10 in Long Blades
   291 | D        | Your scales start taking on a glossy black colour.
   291 | D        | Reached XP level 7. HP: 72/72 MP: 7/7
   291 | D        | Gained mutation: You are resistant to electric shocks. (rElec) [Black Draconian growth]
   294 | D        | Killed a hippogriff
   294 | D        | Reached **** piety under Trog
   375 | D        | Noticed a flying skull
   376 | D        | Noticed a flying skull
   376 | D        | Noticed a flying skull
   407 | D        | Found Rycoq's Assorted Antiques.
   407 | D        | Found Gususmoz's Jewellery Shoppe.
   407 | D        | Found Mutwon's Antique Armour Shoppe.
   407 | D        | Found Valiy's Magic Scroll Emporium.
   408 | D        | Found Saf Lerch's Antique Armour Emporium.
   408 | D        | Found Wuwud's Jewellery Shoppe.
   408 | D        | Found Imecwaa's Distillery.
   408 | D        | Found Onowkioh's Distillery.
   409 | D        | Found Tigaeh's Book Emporium.
   409 | D        | Found Isexzat's Antique Weapon Shoppe.
   409 | D        | Found Qerghu's Food Shoppe.
   409 | D        | Noticed a spiny frog
   410 | D        | Found Hoczaf's Antique Armour Emporium.
   411 | D        | Found Gadezoz's Gadget Shoppe.
   411 | D        | Found Goidd's Jewellery Emporium.
   411 | D        | Noticed Menkaure
   411 | D        | Noticed a spiny frog
   411 | D        | Noticed an oklob plant
   412 | D        | Found Moqod's Magic Scroll Shoppe.
   412 | D        | Found Zoewolo's Book Shoppe.
   413 | D        | Noticed a hippogriff
   413 | D        | Noticed a hippogriff
   414 | D        | Noticed a hippogriff
   436 | D        | Killed Menkaure
   436 | D        | Reached skill level 11 in Long Blades
   622 | D        | Bought a bread ration for 60 gold pieces
   624 | D        | Bought a potion of heal wounds for 70 gold pieces
   624 | D        | Bought a potion of curing for 42 gold pieces
   633 | D        | Noticed a redback
   635 | D        | Noticed a redback
   641 | D        | Bought a glowing long sword for 180 gold pieces
   646 | D        | Bought an uncursed amulet of regeneration for 330 gold pieces
   672 | D        | Noticed a flying skull
   673 | D        | Noticed a flying skull
   673 | D        | Noticed a flying skull
   674 | D        | Noticed a flying skull
   674 | D        | Noticed a flying skull
   674 | D        | Noticed a flying skull
   675 | D        | Noticed a flying skull
   704 | D        | Noticed Kirke
   704 | D        | Noticed a kobold demonologist
   704 | D        | Noticed a yaktaur captain
   705 | D        | Noticed a skeletal warrior
   706 | D        | Noticed an elephant
   707 | D        | Noticed a centaur warrior
   708 | D        | Noticed a manticore
   710 | D        | Noticed a harpy
   710 | D        | Noticed a harpy
   711 | D        | HP: 3/73 [harpy[Kirke] (8)]
   711 | D        | Slain by a harpy

Skill      XL: |  1  2  3  4  5  6  7 |
---------------+----------------------+-----
Fighting       | 6 7 9 10 | 10.6
Long Blades    | 5 7 8 10 11 | 11.2
Dodging        | 5 6 7 8 9 |  9.3

Action                   |  1- 3 |  4- 6 |  7- 9 || total
-------------------------+-------+-------+-------++-------
Melee: Falchion          |     4 |    46 |    28 ||    78
       Tailslap          |     2 |    11 |     7 ||    20
Invok: Berserk           |     1 |     1 |       ||     2
  Use: Potion            |       |     1 |       ||     1
  Eat: Bread ration      |       |       |     1 ||     1
Armor: Skin              |     1 |     7 |     2 ||    10
Dodge: Dodged            |       |    35 |    14 ||    49
       Rpst.: Falchion   |       |     7 |     2 ||     9
       Long sword        |       |       |     1 ||     1
